 Dungeon Crawl Stone Soup version 0.29.1-15-g9cfb28693d (webtiles) character file.

Game seed: 17915422555135016833

135 DemonSlayer the Magician (level 4, -2/31 HPs)
             Began as a Demonspawn Earth Elementalist on Apr 20, 2023.
             Killed from afar by Grinder (6 damage)
             ... with a puff of flame
             ... on level 3 of the Dungeon.
             The game lasted 00:07:43 (4363 turns).

DemonSlayer the Magician (DsEE)                     Turns: 4363, Time: 00:07:43

Health: -2/31      AC:  1    Str:  9    XL:     4   Next: 96%
Magic:  9/9        EV: 14    Int: 16    God:
Gold:   130        SH:  0    Dex: 15    Spells: 0/10 levels left

rFire   . . .      SeeInvis .   i - +0 dagger
rCold   . . .      Faith    .   (no shield)
rNeg    . . .      Spirit   .   a - +0 robe
rPois   .          Reflect  .   (no helmet)
rElec   .          Harm     .   (no cloak)
rCorr   .          Rampage  .   (no gloves)
Will    .....                   (no boots)
Stlth   ++........              (no amulet)
HPRegen 0.10/turn               (no ring)
MPRegen 0.11/turn               (no ring)

@: flying
A: repulsion field 1, powered by pain 1, weakness stinger 1, deformed body,
mutation resistance 1
a: no special abilities


You were on level 3 of the Dungeon.
You visited 1 branch of the dungeon, and saw 3 of its levels.

You collected 130 gold pieces.

Inventory:

Hand Weapons
 i - a +0 dagger (weapon)
Armour
 a - a +0 robe (worn)
Scrolls
 c - a scroll of fear {unknown}
 d - a scroll of identify
 g - a scroll of teleportation
Potions
 e - a potion of heal wounds {unknown}
 h - a potion of mutation
 k - a potion of curing {unknown}


   Skills:
 + Level 0.5 Fighting
 + Level 2.0 Dodging
 + Level 2.0 Stealth
 + Level 3.8 Spellcasting
 + Level 0.8 Transmutations
 + Level 3.5 Earth Magic


You couldn't memorise any spells.
You knew the following spells:

 Your Spells              Type           Power      Damage    Failure   Level
a - Sandblast             Erth           28%        2d8       4%          1
b - Passwall              Tmut/Erth      8%         N/A       11%         2
c - Stone Arrow           Conj/Erth      16%        3d8       26%         3
d - Petrify               Tmut/Erth      10%        N/A       56%         4

Your spell library contained the following spells:

 Spells                   Type           Power      Damage    Failure   Level


Dungeon Overview and Level Annotations

Branches:
Dungeon (3/15)

Altars:
Kikubaaqudgha

Annotations:
D:3 Grinder, Sigmund


Innate Abilities, Weirdness & Mutations

You are surrounded by a mild repulsion field. (EV +2)
You sometimes gain a little power by taking damage.
You have a small tail.
Armour fits poorly on your strangely shaped body.
You are somewhat resistant to further mutation.


Message History

Grinder shouts!
Sigmund shouts!
There are monsters nearby!
There are monsters nearby!
Grinder blinks!
Sigmund is nearby!
Sigmund is nearby!
There are monsters nearby!
Grinder blinks!
Grinder zaps a wand.
The puff of flame hits you. Grinder attacks as you move away! Grinder hits you.
You writhe in agony.
Grinder zaps a wand.
The puff of flame hits you. Grinder gestures at you.
Pain shoots through your body!
It was a potion of mutation.
You feel extremely strange.
You feel genetically stable.
Your body twists and deforms.
Grinder gestures at you.
You barely resist.
It was a potion of flight.
You feel very buoyant.
You fly up into the air.
Sigmund closely misses you. Grinder gestures at you.
Pain shoots through your body!
* * * LOW HITPOINT WARNING * * *
Grinder blinks!
Sigmund mumbles some strange words.
Sigmund flickers and vanishes!
Deactivating autopickup; reactivate with Ctrl-A.
A puff of flame appears from out of thin air!
The puff of flame hits you!
* * * LOW HITPOINT WARNING * * *
Found 12 gold pieces.
You see here 12 gold pieces.
Something tries to affect you, but you resist.
Grinder blinks!
A puff of flame appears from out of thin air!
The puff of flame misses you.
Grinder is nearby!
Grinder is nearby!
Grinder zaps a wand.
The puff of flame hits you.
You die...

##...####.#####.###
..................#
###+#####.#####.#5#
.@. #.# #.#.# ....
#.# ###.#.# .....
#.###...#.# .....
#.##...##.# .....
+.......#.# .....
.......@.# .....
####.##### .... 5..
'# #


You could see Grinder.

Vanquished Creatures
  3 adders (D:2)
  5 gnolls
  2 worms (D:2)
  A dart slug (D:1)
  An endoplasm (D:2)
  2 giant cockroaches
  5 goblins
  8 hobgoblins
  4 jackals (D:1)
  3 kobolds
  3 quokkas
  5 ball pythons
  2 bats
  2 frilled lizards (D:1)
  5 rats
51 creatures vanquished.

Vanquished Creatures (others)
  A plant (D:1)
1 creature vanquished.

Grand Total: 52 creatures vanquished

Notes
Turn   | Place    | Note
-------+----------+-------------------------------------------
     0 | D:1      | DemonSlayer the Demonspawn Earth Elementalist began the
                  | quest for the Orb.
     0 | D:1      | Reached XP level 1. HP: 13/13 MP: 3/3
   265 | D:1      | Gained mutation: You have a small tail. [demonic ancestry]
   265 | D:1      | Reached XP level 2. HP: 19/19 MP: 3/5
   876 | D:1      | Gained mutation: You sometimes gain a little power by
                  | taking damage. [demonic ancestry]
   876 | D:1      | Reached XP level 3. HP: 9/24 MP: 0/7
  1555 | D:1      | Found a faded altar of an unknown god.
  1595 | D:1      | Learned a level 2 spell: Passwall
  1599 | D:1      | Learned a level 3 spell: Stone Arrow
  1670 | D:2      | Found an ancient bone altar of Kikubaaqudgha.
  1929 | D:2      | Gained mutation: You are surrounded by a mild repulsion
                  | field. (EV +2) [demonic ancestry]
  1929 | D:2      | Reached XP level 4. HP: 19/30 MP: 1/8
  2899 | D:2      | Learned a level 4 spell: Petrify
  3350 | D:3      | Identified the +12 falchion of the Toadstool {distort,
                  | rPois}
  3417 | D:3      | Noticed Grinder
  4294 | D:3      | Noticed Sigmund
  4321 | D:3      | Gained mutation: You are somewhat resistant to further
                  | mutation. [potion of mutation]
  4321 | D:3      | Gained mutation: Armour fits poorly on your strangely
                  | shaped body. [potion of mutation]
  4333 | D:3      | HP: 1/31 [something/puff of flame (7)]
  4363 | D:3      | Killed from afar by Grinder

Illustrated notes

Levels and vault maps discovered:
D:1:      roderic_chinese_lattice_arrival, layout_basic,
          shapermc_ecumenical_altar_mp_ritualfount
D:2:      layout_basic, basic_altar
D:3:      layout_loops_corners, uniq_grinder, uniq_terence, uniq_sigmund

Skill      XL: |  1  2  3 |
---------------+----------+-----
Earth Magic    | 3 |  3.5
Spellcasting   | 3 |  3.8
Dodging        | 2 |  2.0
Stealth        | 2 |  2.0
Fighting       | |  0.5
Transmutations | |  0.8

Action                   |  1- 3 |  4- 6 || total
-------------------------+-------+-------++-------
Melee: Unarmed           |    11 |       ||    11
       Tailslap          |     2 |     1 ||     3
       Dagger            |     3 |     6 ||     9
 Cast: Sandblast         |    54 |    48 ||   102
  Use: Potion            |     1 |     4 ||     5
       Scroll            |       |     4 ||     4
 Stab: Sleeping          |     1 |       ||     1
Armor: Robe              |     8 |     4 ||    12
Dodge: Dodged            |    24 |    36 ||    60
